 Dungeon Crawl Stone Soup version 0.30-a0-728-gc68057be0a (webtiles) character file.

Game seed: 4754390361317512423

64 gelatine the Conjurer (level 3, -1/39 (40) HPs)
             Began as a Demonspawn Reaver on Jan 31, 2023.
             Slain by an orc
             ... wielding a +0 hand axe
              (4 damage)
             ... on level 3 of the Dungeon.
             The game lasted 00:04:41 (1543 turns).

gelatine the Conjurer (Demonspawn Reaver)           Turns: 1543, Time: 00:04:42

HP:   -1/39 (40)    AC: 21    Str: 12    XL:     3   Next: 91%
MP:   6/6           EV:  2    Int: 16    God:
Gold: 182           SH:  4    Dex: 17    Spells: 3/6 levels left

rFire   . . .      SeeInvis .    a - +0 hand axe
rCold   . . .      Faith    .    (no shield)
rNeg    . . .      Spirit   .    (body armour currently unavailable)
rPois   +          Reflect  .    (helmet currently unavailable)
rElec   .          Harm     .    (cloak currently unavailable)
rCorr   .          Rampage  .    (gloves currently unavailable)
Will    .....      NoTele   +    (boots currently unavailable)
Stlth   ++                       (no amulet)
HPRegen 0.26/turn                h - +6 ring of dexterity
MPRegen 0.10/turn                (no ring)

@: tree-form, attractive, lightly drained, invisible
A: stationary, stasis, torment immunity, boosted hp, condensation shield,
(demonic touch 1)
a: no special abilities


You were on level 3 of the Dungeon.
You were a tree.
You visited 1 branch of the dungeon, and saw 3 of its levels.

You collected 182 gold pieces.

Inventory:

Hand Weapons
 a - a +0 hand axe (weapon)
 j - a +3 whip
Armour
 b - a +0 leather armour (melded)
 d - a scarf of harm (melded)
Jewellery
 h - a +6 ring of dexterity (left branch)
 p - a ring of ice
Scrolls
 c - 3 scrolls of teleportation {unknown}
 e - a scroll of vulnerability {unknown}
 f - 3 scrolls of poison {unknown}
 g - a scroll of fog {unknown}
 i - 6 scrolls of identify {unknown}
 n - a scroll of blinking {unknown}
Potions
 k - 2 potions of flight


   Skills:
 * Level 2.1 Fighting
 * Level 3.0(3.1) Axes
 + Level 0.3(1.9) Maces & Flails
 * Level 0.8 Armour
 * Level 2.2 Dodging
 + Level 0.4 Stealth
 + Level 2.2 Spellcasting
 * Level 3.4 Conjurations
 * Level 0.5 Translocations


You had 3 spell levels left.
You knew the following spells:

 Your Spells              Type           Power      Damage    Failure   Level
a - Kiss of Death         Conj/Necr      28%        2d7       10%         1
b - Momentum Strike       Conj/Tloc      16%        3d8       14%         2

Your spell library contained the following spells:

 Spells                   Type           Power      Damage    Failure   Level
 Freeze                   Ice            4%         1d3       21%         1
 Necrotise                Necr           4%         1d4       21%         1
 Hailstorm                Conj/Ice       7%         3d4       30%         3
 Vhi's Electric Charge    Tloc/Air       4%         N/A       47%         3
 Frozen Ramparts          Ice            2%         1d1       52%         3
 Vampiric Draining        Necr           1%         2d6       52%         3
 Arcjolt                  Conj/Air       3%         1d13      95%         5
 Agony                    Necr           1%         N/A       99%         5
 Maxwell's Capacitive Co  Air            0%         ∞         100%        8


Dungeon Overview and Level Annotations

Branches:
Dungeon (3/15)

Altars:


Innate Abilities, Weirdness & Mutations

You are a tree.
Your roots penetrate the ground, keeping you stationary.
You cannot be teleported.
You are immune to unholy pain and torment.
Your maximum health is greatly increased.
Your equipment is partially melded.
A meltable shield of frost defends you. (SH +4)
((Your touch may inflict minor irresistible damage on your foes.))


Message History

* * * LOW HITPOINT WARNING * * *
The orc hits you but does no damage. x2
You closely miss the orc priest.
The orc priest is heavily wounded.
You closely miss the orc.
You catch the helpless adder completely off-guard!
You hit the adder. You hit the orc. The adder bites you but does no damage.
The orc priest hits you but does no damage.
The orc hits you but does no damage. You block the orc's attack.
You closely miss the orc priest.
The orc priest is heavily wounded.
You barely miss the orc. You closely miss the adder.
You hit the orc but do no damage. You block the adder's attack.
The orc priest hits you but does no damage.
The orc hits you but does no damage. x2
The adder bites you but does no damage.
You hit the orc priest but do no damage.
The orc priest is heavily wounded.
You closely miss the orc. You miss the adder. You hit the orc.
The adder bites you but does no damage. The orc priest hits you with a +0 club.
* * * LOW HITPOINT WARNING * * *
The orc hits you but does no damage. You block the orc's attack.
The adder bites you but does no damage.
You closely miss the orc priest.
The orc priest is moderately wounded.
You barely miss the orc. You miss the adder. You barely miss the orc.
The orc hits you with a +0 dagger.
* * * LOW HITPOINT WARNING * * *
The orc priest hits you but does no damage.
The orc completely misses you. The adder bites you.
* * * LOW HITPOINT WARNING * * *
You strike the helpless orc priest from behind!
You hit the orc priest.
The orc priest is severely wounded.
You strike the helpless adder from behind!
You hit the adder but do no damage. You closely miss the orc. x2
The orc hits you but does no damage.
The orc priest hits you but does no damage.
The adder bites you but does no damage. The orc hits you with a +0 hand axe.
You die...

#...........##.#
#..........>##.#
#...........####
#...........#
#######...........#
)....[........<...#
..................# .
................)S##....
................♣o...$..
###############.oo......
#......... #.........
######.... ####


You could see an orc priest (unable to see you), an adder (unable to see you)
and 2 orcs.

Vanquished Creatures
  An adder (D:3)
  A worm (D:3)
  3 dart slugs
  2 orcs (D:3)
  5 bats
  4 endoplasms
  2 giant cockroaches (D:1)
  4 goblins
  4 hobgoblins
  2 quokkas
  3 ball pythons
  3 frilled lizards
  4 kobolds
  3 rats
41 creatures vanquished.

Notes
Turn   | Place    | Note
-------+----------+-------------------------------------------
     0 | D:1      | gelatine the Demonspawn Reaver began the quest for the Orb.
     0 | D:1      | Reached XP level 1. HP: 16/16 MP: 3/3
   175 | D:1      | Gained mutation: Your touch may inflict minor irresistible
                  | damage on your foes. [demonic ancestry]
   175 | D:1      | Reached XP level 2. HP: 22/22 MP: 5/5
   302 | D:1      | Found a faded altar of an unknown god.
   320 | D:1      | Learned a level 2 spell: Momentum Strike
   603 | D:1      | Gained mutation: A meltable shield of frost defends you.
                  | (SH +4) [demonic ancestry]
   603 | D:1      | Reached XP level 3. HP: 24/27 MP: 6/6
  1543 | D:3      | Slain by an orc

Illustrated notes

Levels and vault maps discovered:
D:1:      scummos_arrival_hexagon, layout_loops_ring,
          hellmonk_ecumenical_altar_zigzags
D:2:      layout_rooms, serial_aquarium, aquarium_bridge_square
          [aquarium_subvault_bridge, aquarium_subvault_bridge,
          aquarium_subvault_wall, aquarium_subvault_balcony],
          aquarium_bridge_straight [aquarium_subvault_bridge,
          aquarium_subvault_wall, aquarium_subvault_bridge,
          aquarium_subvault_window], aquarium_window_corridor_2,
          aquarium_window_fake, aquarium_window_fake, aquarium_view_2c,
          aquarium_view_2f, aquarium_pool_corner
D:3:      layout_basic, gammafunk_temple_overflow_wave

Skill      XL: |  1  2  3 |
---------------+----------+-----
Dodging        | 2 |  2.2
Axes           | 3 |  3.0
Fighting       | |  2.1
Maces & Flails | |  0.3
Armour         | |  0.8
Stealth        | |  0.4
Spellcasting   | |  2.2
Conjurations   | |  3.4
Translocations | |  0.5

Action                     || total
---------------------------++-------
  Melee: Hand axe          ||    60
         Touch             ||    13
         Whip              ||    40
         Punch             ||     1
   Cast: Momentum Strike   ||     2
         Kiss of Death     ||     1
    Use: Potion            ||     4
   Stab: Sleeping          ||     2
         Invisible         ||     3
 Armour: Leather armour    ||    37
         Skin              ||    22
  Dodge: Dodged            ||    81
  Block: Other             ||    17

Table legend: (Time is in decaauts)
 A = Elapsed time spent in this place.
 B = Non-inter-level travel time spent in this place.
 C = Inter-level travel time spent in this place.
 D = Time resting spent in this place.
 E = Time spent auto-exploring this place.
 F = Levels seen in this place.
 G = Mean time per level.
                   A        B        C        D        E       F      G
               +--------+--------+--------+--------+--------+-----+--------+
         Total |   1550 |   1521 |     29 |      0 |   1146 |   3 |  516.7 |
       Dungeon |   1550 |   1521 |     29 |      0 |   1146 |   3 |  516.7 |
               +--------+--------+--------+--------+--------+-----+--------+

Top non-repeatable levels by time:
     D:1: 791 daAuts
     D:2: 457 daAuts
     D:3: 300 daAuts
